 Dungeon Crawl Stone Soup version 0.23.2-1-ga50397a6bc (webtiles) character file.

Game seed: 3388431926930907139

2 MisterOstroum the Gusty (level 1, -2/9 HPs)
             Began as a Vine Stalker Air Elementalist on May 19, 2019.
             Slain by a hobgoblin
             ... wielding a +0 club
              (4 damage)
             ... on level 1 of the Dungeon.
             The game lasted 00:02:39 (26 turns).

MisterOstroum the Gusty (VSAE)                        Turns: 26, Time: 00:02:40

Health: -2/9       AC:  2    Str: 10    XL:     1   Next: 40%
Magic:  0/4        EV: 12    Int: 15    God:
Gold:   0          SH:  0    Dex: 14    Spells: 3/4 levels left

rFire    . . .     SeeInvis .   (no weapon)
rCold    . . .     Gourm    .   (no shield)
rNeg     . . .     Faith    .   a - +0 robe
rPois    .         Spirit   +   (no helmet)
rElec    .         Reflect  .   (no cloak)
rCorr    .         Harm     .   (no gloves)
MR       .....                  (no boots)
Stlth    ++........             (no amulet)
HPRegen  0.03/turn              (no ring)
MPRegen  0.09/turn              (no ring)

@: no status effects
A: fangs 2, magic shield, antimagic bite, no potion heal 3, rot immunity
a: no special abilities


You were on level 1 of the Dungeon.
You were not hungry.

You visited 1 branch of the dungeon, and saw 1 of its levels.

Inventory:

Armour
 a - a +0 robe (worn)
Comestibles
 e - a ration


   Skills:
 - Level 1.5 Dodging
 - Level 2.4 Stealth
 + Level 2.2 Spellcasting
 + Level 1.1 Conjurations
 + Level 3.0 Air Magic


You had 3 spell levels left.
You knew the following spells:

 Your Spells              Type           Power        Failure   Level  Hunger
a - Shock                 Conj/Air       #...         9%          1    #......

Your spell library contained the following spells:

 Spells                   Type           Power        Failure   Level  Hunger
 Swiftness                Chrm/Air       #.......     17%         2    ###....
 Static Discharge         Conj/Air       #.......     26%         3    ###....
 Airstrike                Air            ##........   52%         4    #####..
 Lightning Bolt           Conj/Air       #.........   94%         5    ######.


Dungeon Overview and Level Annotations

Branches:
Dungeon (1/15)

Altars:


Innate Abilities, Weirdness & Mutations

You have extremely sharp teeth.
When hurt, damage is shared between your health and your magic reserves.
Your bite disrupts and absorbs the magic of your enemies.
Potions cannot restore your health.
You are immune to rotting.


Message History

Casting: Shock (safe; 10% risk of failure)
Confirm with . or Enter, or press ? or * to list all spells.
You don't know that spell.
Casting: Shock (safe; 10% risk of failure)
Confirm with . or Enter, or press ? or * to list all spells.
Aiming: Shock (safe; 10% risk of failure)
Press: ? - help, Shift-Dir - straight line The zap hits the hobgoblin.
The hobgoblin is lightly wounded.
The hobgoblin shouts!
The zap misses the hobgoblin.
Casting: Shock (safe; 10% risk of failure)
Confirm with . or Enter, or press ? or * to list all spells.
Aiming: Shock (safe; 10% risk of failure)
Press: ? - help, Shift-Dir - straight line, f - hobgoblin
Aim: a hobgoblin, wielding a +0 club (lightly wounded)
The zap misses the hobgoblin.
A goblin comes into view.
Casting: Shock (safe; 10% risk of failure)
Confirm with . or Enter, or press ? or * to list all spells.
Aiming: Shock (safe; 10% risk of failure)
Press: ? - help, Shift-Dir - straight line, f/p - hobgoblin
Aim: a hobgoblin, wielding a +0 club (lightly wounded)
The zap hits the hobgoblin.
The hobgoblin is heavily wounded.
The goblin shouts!
Casting: Shock (safe; 10% risk of failure)
Confirm with . or Enter, or press ? or * to list all spells.
Aiming: Shock (safe; 10% risk of failure)
Press: ? - help, Shift-Dir - straight line, f/p - hobgoblin
Aim: a hobgoblin, wielding a +0 club (heavily wounded)
The zap misses the hobgoblin.
You hit the hobgoblin but do no damage.
The hobgoblin is heavily wounded.
The hobgoblin closely misses you.
You closely miss the hobgoblin.
The hobgoblin is heavily wounded.
You barely miss the hobgoblin.
The hobgoblin is heavily wounded.
The hobgoblin barely misses you.
You closely miss the hobgoblin. Your bite misses the hobgoblin.
The hobgoblin is heavily wounded.
The hobgoblin misses you.
You closely miss the hobgoblin. Your bite misses the hobgoblin.
The hobgoblin is heavily wounded.
The hobgoblin splashes around in the water.
You hit the hobgoblin but do no damage.
The hobgoblin is heavily wounded.
The hobgoblin splashes around in the water.
You hit the hobgoblin but do no damage.
The hobgoblin is heavily wounded.
The hobgoblin splashes around in the water.
Casting: Shock (safe; 10% risk of failure)
Confirm with . or Enter, or press ? or * to list all spells.
Aiming: Shock (safe; 10% risk of failure)
Press: ? - help, Shift-Dir - straight line, f/p - hobgoblin
Aim: a hobgoblin, wielding a +0 club (heavily wounded)
The zap hits the hobgoblin.
The hobgoblin is severely wounded.
The hobgoblin splashes around in the water.
Unknown command.
You hit the hobgoblin.
You kill the hobgoblin!
You closely miss the goblin. The hobgoblin hits you with a +0 club.
A jackal comes into view.
The goblin hits you but does no damage.
A goblin comes into view.
It is wielding a +1 dagger of electrocution.
You closely miss the goblin.
The goblin shouts!
You bite the goblin.
You kill the goblin!
The hobgoblin hits you with a +0 club.
Ouch! That really hurt!
* * * LOW HITPOINT WARNING * * *
A jackal comes into view.
The hobgoblin closely misses you.
The jackal moves out of view.
There is a large open door here.
Things that are here:
a +0 club; a hobgoblin corpse You enter the shallow water.
Moving in this stuff is going to be slow.
The hobgoblin hits you but does no damage.
Why would you want to do that? Why would you want to do that?
Why would you want to do that? Why would you want to do that?
The hobgoblin closely misses you.
Found 21 stones.
Found a stone staircase leading down.
Casting: Shock (safe; 9% risk of failure)
Confirm with . or Enter, or press ? or * to list all spells.
Aiming: Shock (safe; 9% risk of failure)
Press: ? - help, Shift-Dir - straight line, f - hobgoblin
Aim: a hobgoblin, wielding a +0 club The zap hits the hobgoblin.
The hobgoblin is moderately wounded.
You hit the hobgoblin.
You bite the hobgoblin, but do no damage.
The hobgoblin is severely wounded.
The hobgoblin hits you with a +0 club.
You die...

##≈≈8≈≈≈≈8≈≈#..
..≈≈≈####≈≈≈...
..§≈≈#.<#≈§≈#
..§≈≈#..#h≈≈# #
..≈≈≈#')#≈g≈###>#
..≈≈8≈≈≈≈8≈≈....#
..≈8≈≈≈≈≈≈8≈.#..#
..≈≈≈§≈≈≈g≈≈...(#
##........@..#.#.
#........###.#
#.######## # #. #


You could see a jackal, a hobgoblin and a goblin.

Vanquished Creatures
  A goblin (D:1)
  A hobgoblin (D:1)
2 creatures vanquished.

Notes
Turn   | Place    | Note
-------+----------+-------------------------------------------
     0 | D:1      | MisterOstroum the Vine Stalker Air Elementalist began the
                  | quest for the Orb.
     0 | D:1      | Reached XP level 1. HP: 9/9 MP: 4/4
    26 | D:1      | Slain by a hobgoblin

Action                   || total
-------------------------++-------
Melee: Unarmed           ||    11
       Bite              ||     2
 Cast: Shock             ||     6
Armor: Robe              ||     1
Dodge: Dodged            ||     5
